 Dungeon Crawl Stone Soup version 0.29.1-12-g30fa7ad0bf (webtiles) character file.

Game seed: 8908258542285149082

420 Oxelix the Chopper (level 6, -2/56 HPs)
             Began as a Minotaur Fighter on Jan 16, 2023.
             Was an Initiate of Ashenzari.
             Slain by a gnoll
             ... wielding a +0 spear
             ... led by a gnoll bouda
              (4 damage)
             ... on level 6 of the Dungeon.
             The game lasted 00:05:06 (2536 turns).

Oxelix the Chopper (Minotaur Fighter)               Turns: 2536, Time: 00:05:07

Health: -2/56      AC: 11    Str: 23    XL:     6   Next: 62%
Magic:  5/5        EV:  8    Int:  5    God:    Ashenzari [......]
Gold:   183        SH:  0    Dex:  9    Spells: 5/5 levels left

rFire   . . .      SeeInvis .   m - +3 woodcutter's axe {vorpal}
rCold   . . .      Faith    .   (shield currently unavailable)
rNeg    . . .      Spirit   .   v - +0 chain mail
rPois   .          Reflect  .   g - +2 hat
rElec   .          Harm     .   (no cloak)
rCorr   .          Rampage  .   (no gloves)
Will    .....                   (no boots)
Stlth   ..........              (no amulet)
HPRegen 0.18/turn               (no ring)
MPRegen 0.09/turn               (no ring)

@: mighty
A: horns 2, retaliatory headbutt
a: Renounce Religion


You were on level 6 of the Dungeon.
You worshipped Ashenzari.
Ashenzari was noncommittal.
You visited 1 branch of the dungeon, and saw 5 of its levels.

You collected 183 gold pieces.

Inventory:

Hand Weapons
 a - a +0 war axe
 m - the +3 woodcutter's axe (weapon) {vorpal}
   (You took it off a hobgoblin on level 2 of the Dungeon)

   It inflicts extra damage upon your enemies.
Missiles
 h - 5 boomerangs (quivered)
 n - 5 atropa-tipped darts
Armour
 c - a +0 buckler
 g - a +2 hat (worn)
 v - a +0 chain mail (worn)
Jewellery
 p - a ring of fire
Wands
 r - a wand of charming (4)
Scrolls
 i - a scroll of acquirement {unknown}
 k - a scroll of teleportation {unknown}
 l - a scroll of enchant armour {unknown}
 o - a scroll of blinking {unknown}
 q - a scroll of magic mapping {unknown}
 s - 6 scrolls of identify {unknown}
 w - a scroll of summoning {unknown}
 x - a scroll of immolation {unknown}
Potions
 b - a potion of resistance
 d - 3 potions of might
 e - 2 potions of curing {unknown}
 f - a potion of mutation {unknown}
 j - 2 potions of heal wounds {unknown}
 t - a potion of ambrosia {unknown}
 u - 2 potions of haste {unknown}


   Skills:
 + Level 5.6 Fighting
 * Level 6.6 Axes
 + Level 5.0 Armour
 - Level 3.6 Shields


You had 5 spell levels left.
You didn't know any spells.
Your spell library was empty.

Dungeon Overview and Level Annotations

Branches:
Dungeon (4/15)
 Temple: D:4-7

Altars:
Ashenzari
Yredelemnul


Innate Abilities, Weirdness & Mutations

You have a pair of horns on your head.
You reflexively headbutt those who attack you in melee.


Message History

You closely miss the kobold. You closely miss the gnoll.
The gnoll hits you with a +0 flail! The gnoll hits you but does no damage.
The kobold closely misses you.
You miss the kobold. You headbutt the kobold.
The kobold is moderately wounded.
You hit the gnoll bouda. You slash the gnoll!
You kill the gnoll!
The gnoll closely misses you. The kobold hits you but does no damage.
You are electrocuted!
The gnoll bouda hits you but does no damage.
You barely miss the kobold. Your headbutt misses the kobold.
The kobold is moderately wounded.
You hit the gnoll bouda. You hit the gnoll. The gnoll closely misses you.
The gnoll hits you with a +0 flail.
* * * LOW HITPOINT WARNING * * *
The gnoll closely misses you. The gnoll hits you but does no damage.
The kobold hits you but does no damage. The gnoll bouda barely misses you.
You closely miss the kobold. Your headbutt misses the kobold.
The kobold is moderately wounded.
You barely miss the gnoll. You slash the gnoll bouda!
You kill the gnoll bouda!
The gnoll closely misses you. The gnoll hits you with a +0 flail.
* * * LOW HITPOINT WARNING * * *
The gnoll barely misses you. The kobold hits you but does no damage.
The gnoll barely misses you.
You slash the gnoll!
You kill the gnoll!
You hit the kobold.
You kill the kobold!
The gnoll hits you but does no damage.
The gnoll hits you from afar with a +0 spear.
* * * LOW HITPOINT WARNING * * *
The gnoll hits you but does no damage.
Your Armour skill increases to level 5!
Found a stone staircase leading down and a stone staircase leading up.
Your attacks no longer feel as feeble.
The gnoll hits you with a +0 halberd.
* * * LOW HITPOINT WARNING * * *
The gnoll hits you with a +0 spear.
You die...

#..####......# .#
....##....†.#.# ..
.##.....#..###.###...#
.. .#.####).#....... .
#.#...........#
#.#.####......#
####.### ##.## #)@)#


#ggg# #...# #...# ..... ....... ....... ###<.>### You could see 3 gnolls.

Vanquished Creatures
  A kobold brigand (D:6)
  A scorpion (D:6)
  A hound (D:4)
  An orc priest (D:3)
  A gnoll bouda (D:6)
  Ijyb (D:3)
  Natasha (D:4)
  2 gnolls (D:6)
  5 adders
  2 worms (D:2)
  A dart slug (D:1)
  4 orcs
  3 ball pythons
  7 endoplasms
  2 giant cockroaches
  7 goblins
  9 hobgoblins
  10 kobolds
  A quokka (D:3)
  5 bats
  4 frilled lizards
  8 rats
77 creatures vanquished.

Notes
Turn   | Place    | Note
-------+----------+-------------------------------------------
     0 | D:1      | Oxelix the Minotaur Fighter began the quest for the Orb.
     0 | D:1      | Reached XP level 1. HP: 19/19 MP: 0/0
    71 | D:1      | Reached skill level 3 in Axes
    93 | D:1      | Reached XP level 2. HP: 27/27 MP: 1/1
   102 | D:1      | Found a faded altar of an unknown god.
   643 | D:2      | Reached XP level 3. HP: 28/33 MP: 2/2
   688 | D:2      | Reached skill level 4 in Axes
  1093 | D:2      | Reached XP level 4. HP: 41/41 MP: 3/3
  1351 | D:3      | Found a basalt altar of Yredelemnul.
  1397 | D:3      | Noticed Ijyb
  1400 | D:3      | Killed Ijyb
  1550 | D:3      | Found a broken altar of Ashenzari.
  1727 | D:3      | Reached skill level 5 in Axes
  1747 | D:3      | Became a worshipper of Ashenzari the Shackled
  2043 | D:3      | Reached XP level 5. HP: 47/47 MP: 4/4
  2084 | D:4      | Noticed Natasha
  2096 | D:4      | Killed Natasha
  2097 | D:4      | Reached skill level 5 in Fighting
  2248 | D:4      | You fall into a shaft and drop 2 floors!
  2256 | D:6      | Reached skill level 6 in Axes
  2256 | D:6      | Reached XP level 6. HP: 39/56 MP: 5/5
  2536 | D:6      | Reached skill level 5 in Armour
  2536 | D:6      | HP: 2/56 [gnoll/+0 halberd[a gnoll bouda] (5)]
  2536 | D:6      | Slain by a gnoll

Illustrated notes

Levels and vault maps discovered:
D:1:      onia_arrival_handbag, layout_rooms, ebering_ecumenical_altar_hall
D:2:      minmay_alternating_diamond, layout_rooms
D:3:      layout_basic, nicolae_ashenzari_panopticon,
          mainiacjoe_overflow_catwalk, uniq_ijyb
D:4:      layout_loops_corners, serial_shops, nicolae_take_the_stairs,
          uniq_natasha
D:6:      layout_loops_cross, worldfamousw_hep_ancestral_shrine

Skill      XL: |  1  2  3  4  5  6 |
---------------+-------------------+-----
Axes           | 3 4 5 6 |  6.6
Fighting       | 4 5 |  5.6
Armour         | 4 5 |  5.0
Shields        | |  3.6

Action                   |  1- 3 |  4- 6 || total
-------------------------+-------+-------++-------
Melee: War axe           |    77 |       ||    77
       Headbutt          |     5 |    12 ||    17
       Battleaxe         |     6 |    73 ||    79
  Use: Potion            |       |     1 ||     1
Armor: Scale mail        |    51 |     8 ||    59
       Chain mail        |       |    35 ||    35
Dodge: Dodged            |    41 |    37 ||    78
Block: Buckler           |    17 |       ||    17
